 Dungeon Crawl Stone Soup version 0.25.1-9-gc5326a611f (webtiles) character file.

Game seed: 16139893943005608710

117 pokeman the Magician (level 4, -6/25 HPs)
             Began as a Deep Elf Wizard on Dec 22, 2020.
             Killed by miscasting Mephitic Cloud (13 damage)
             ... on level 3 of the Dungeon.
             The game lasted 00:05:25 (3016 turns).

pokeman the Magician (Deep Elf Wizard)              Turns: 3016, Time: 00:05:26

Health: -6/25      AC:  3    Str:  4    XL:     4   Next: 71%
Magic:  5/13       EV: 12    Int: 20    God:
Gold:   152        SH:  5    Dex: 13    Spells: 3/14 levels left

rFire    . . .     SeeInvis .   c - +0 short sword (venom)
rCold    . . .     Gourm    .   (no shield)
rNeg     . . .     Faith    .   k - +0 leather armour
rPois    .         Spirit   .   b - +0 hat
rElec    .         Reflect  +   (no cloak)
rCorr    .         Harm     .   (no gloves)
MR       .....                  (no boots)
Stlth    +.........             t - amulet of reflection
HPRegen  0.08/turn              g - ring of attention (curse)
MPRegen  0.13/turn              u - -4 ring of intelligence (curse)

@: lethally poisoned (-6 -> -12), very slightly contaminated
A: no striking features
a: no special abilities


You were on level 3 of the Dungeon.
You were not hungry.

You visited 1 branch of the dungeon, and saw 3 of its levels.

You collected 152 gold pieces.

Inventory:

Hand Weapons
 c - a +0 short sword of venom (weapon)
Missiles
 n - 53 arrows
 q - 12 bolts
Armour
 b - a +0 hat (worn)
 k - a +0 leather armour (worn)
Jewellery
 g - a cursed ring of attention (left hand)
 r - an uncursed ring of resist corrosion
 t - an amulet of reflection (around neck)
 u - a cursed -4 ring of intelligence (right hand)
Scrolls
 a - 2 scrolls of enchant weapon {unknown}
 e - 4 scrolls of identify {unknown}
 h - a scroll of fog {unknown}
 i - a scroll of remove curse {unknown}
 p - 2 scrolls of enchant armour {unknown}
Potions
 f - a potion of curing {unknown}
 j - a potion of magic {unknown}
 m - 2 potions of berserk rage {unknown}
 o - a potion of mutation {unknown}
 s - a potion of brilliance {unknown}
Comestibles
 d - 2 rations
 l - 5 chunks of flesh


   Skills:
 - Level 1.0 Fighting
 - Level 1.0 Armour
 + Level 2.8 Dodging
 - Level 2.4 Stealth
 * Level 5.8 Spellcasting
 + Level 2.3 Conjurations
 - Level 1.1 Summonings
 - Level 1.1 Translocations
 + Level 1.0 Fire Magic


You had 3 spell levels left.
You knew the following spells:

 Your Spells              Type           Power        Failure   Level  Hunger
a - Magic Dart            Conj           ###.         7%          1    None
b - Mephitic Cloud        Conj/Pois/Air  #.......     36%         3    ##.....
c - Call Imp              Summ           ##......     19%         2    None
d - Blink                 Tloc           N/A          19%         2    None
e - Conjure Flame         Conj/Fire      ##......     26%         3    ##.....

Your spell library contained the following spells:

 Spells                   Type           Power        Failure   Level  Hunger
 Slow                     Hex            #.......     28%         2    None
 Gell's Gravitas          Tloc           ##........   34%         3    ##.....
 Confusing Touch          Hex            #.......     50%         3    ##.....
 Petrify                  Tmut/Erth      #.......     88%         4    ####...
 Metabolic Englaciation   Hex/Ice        #.........   99%         5    #####..
 Yara's Violent Unravell  Hex/Tmut       #.........   99%         5    #####..


Dungeon Overview and Level Annotations

Branches:
Dungeon (3/15)

Altars:
Xom

Annotations:
D:3 Sigmund


Message History

The gnoll hits your crimson imp with a +0 halberd!
Your crimson imp disappears in a puff of smoke!
Casting: Call Imp (safe; 19% risk of failure)
Confirm with . or Enter, or press ? or * to list all spells.
The spell is extremely dangerous to cast (26% risk of failure)!
Continue anyway?
The fire begins to smolder!
Your magical contamination has completely faded away.
The fire ignites!
Casting: Conjure Flame (extremely dangerous; 26% risk of failure)
Confirm with . or Enter, or press ? or * to list all spells.
The spell is extremely dangerous to cast (36% risk of failure)!
Continue anyway?
Aiming: Mephitic Cloud (extremely dangerous; 36% risk of failure)
Press: ? - help, Shift-Dir - straight line, f/p - gnoll
Aim: a gnoll, wielding a +0 halberd (lightly wounded)
You miscast Mephitic Cloud.
You are very lightly contaminated with residual magic.
You feel odd!
You are poisoned.
Ouch! That really hurt!
You die...

#. ........#####
#...†.....
#.####.#........#
#...##....
.............#.#
#..@####.#
#.........#.#.#
#.........
#.........#.#g#
#.........
#.........#.#g#
###.......
#.##.####5#.#§#
#...<...
#....)g.g.#.#.#
#....... #
#....######.#@#
#......<
.#.#(#########.#.#
#.......
.....#.........#..
#.......
.....#.############
#.......
..g....#########
#.......
....###.......^.
....>....#
....###.########
##########
....#.........#
##.##...#####.#######


You could see 2 gnolls.

Vanquished Creatures
  3 adders (D:2)
  A gnoll (D:3)
  3 worms (D:3)
  3 dart slugs
  A leopard gecko (D:1)
  An orc (D:3)
  2 ball pythons (D:1)
  7 bats
  8 giant cockroaches
  4 goblins
  4 hobgoblins
  13 jackals
  2 quokkas (D:2)
  4 frilled lizards
  7 kobolds
  4 rats
67 creatures vanquished.

Notes
Turn   | Place    | Note
-------+----------+-------------------------------------------
     0 | D:1      | pokeman the Deep Elf Wizard began the quest for the Orb.
     0 | D:1      | Reached XP level 1. HP: 10/10 MP: 7/7
   292 | D:1      | Reached XP level 2. HP: 16/16 MP: 1/9
   785 | D:1      | Reached skill level 5 in Spellcasting
  1188 | D:2      | Reached XP level 3. HP: 20/20 MP: 7/11
  1193 | D:2      | Learned a level 3 spell: Mephitic Cloud
  1196 | D:2      | Learned a level 2 spell: Call Imp
  1199 | D:2      | Learned a level 2 spell: Blink
  1203 | D:2      | Learned a level 3 spell: Conjure Flame
  1671 | D:2      | Reached skill level 1 in Fighting
  1678 | D:2      | Reached skill level 1 in Armour
  1888 | D:2      | Reached XP level 4. HP: 25/25 MP: 10/13
  2144 | D:2      | Found a shimmering altar of Xom.
  2589 | D:3      | Noticed Sigmund
  2986 | D:3      | Reached skill level 1 in Fire Magic
  3016 | D:3      | Killed by miscasting Mephitic Cloud

Illustrated notes

Levels and vault maps discovered:
D:1:      dpeg_arrival_more_subterranean_lakeside_camping, layout_loops_ring
D:2:      layout_loops_ring, chequers_serial_rivers_small_a, lemuel_statue_altar
D:3:      layout_basic, fedhas_altar_4, kennysheep_decorative_pillar,
          uniq_crazy_yiuf_cottage, uniq_sigmund, uniq_ijyb

Skill      XL: |  1  2  3  4 |
---------------+-------------+-----
Spellcasting   | 5 |  5.8
Fighting       | 1 |  1.0
Armour         | 1 |  1.0
Conjurations   | 2 |  2.3
Fire Magic     | 1 |  1.0
Dodging        | |  2.8
Stealth        | |  2.4
Summonings     | |  1.1
Translocations | |  1.1

Action                   |  1- 3 |  4- 6 || total
-------------------------+-------+-------++-------
Melee: Short sword       |    13 |    15 ||    28
 Cast: Magic Dart        |   101 |    50 ||   151
       Call Imp          |     1 |     1 ||     2
       Conjure Flame     |       |     2 ||     2
       Mephitic Cloud    |       |     1 ||     1
  Eat: Chunk             |     3 |     3 ||     6
Armor: Robe              |     1 |       ||     1
       Leather armour    |     6 |     4 ||    10
Dodge: Dodged            |    27 |     8 ||    35
Block: Other             |       |     9 ||     9
